 Dungeon Crawl Stone Soup version 0.21.1-1-g345015f (webtiles) character file.

1383 sking99 the Thaumaturge (level 8, -4/58 HPs)
             Began as a Gnoll Wizard on June 26, 2018.
             Was a Believer of Ashenzari.
             Slain by a hog (11 damage)
             ... on level 7 of the Dungeon.
             The game lasted 00:30:31 (8404 turns).

sking99 the Thaumaturge (Gnoll Wizard)              Turns: 8404, Time: 00:30:31

Health: -4/58      AC:  2    Str:  9    XL:     8   Next: 67%
Magic:  7/20       EV: 15    Int: 23    God:    Ashenzari [**....]
Gold:   208        SH:  0    Dex: 14    Spells: 12/23 levels left

rFire    + . .     SeeInvis .   n - +1 trident
rCold    . . .     Gourm    .   (no shield)
rNeg     . . .     Faith    .   a - +0 robe
rPois    .         Spirit   .   b - +0 hat
rElec    .         Reflect  .   (no cloak)
rCorr    .         Harm     .   (no gloves)
MR       +....                  (no boots)
Stlth    +++.......             (no amulet)
HPRegen  0.19/turn              m - ring of protection from fire (curse)
MPRegen  0.17/turn              p - ring of protection from magic (curse)

@: no status effects
A: distributed training, fangs 1, strong nose
a: Curse Item, Scrying, Renounce Religion


You were on level 7 of the Dungeon.
You worshipped Ashenzari.
Ashenzari was pleased with you.
You were hungry.

You visited 1 branch of the dungeon, and saw 7 of its levels.

You collected 296 gold pieces.
You spent 88 gold pieces at shops.

Inventory:

Hand Weapons
 g - a +0 dagger
 n - a +1 trident (weapon)
Armour
 a - a +0 robe (worn)
 b - a +0 hat (worn)
Jewellery
 m - a cursed ring of protection from fire (left hand)
 p - a cursed ring of protection from magic (right hand)
 v - a +3 ring of strength
Wands
 r - a wand of acid (7)
 u - a wand of paralysis (19)
 B - a wand of iceblast (12)
Scrolls
 f - 5 scrolls of remove curse
 i - a scroll of enchant armour {unknown}
 l - 2 scrolls of teleportation
 o - a scroll of magic mapping
 s - a scroll of immolation {unknown}
 w - 2 scrolls of identify {unknown}
 x - a scroll of fear {unknown}
 y - a scroll of amnesia {unknown}
 z - a scroll of enchant weapon
Potions
 e - a potion of haste {unknown}
 h - a potion of degeneration {unknown}
 j - a potion of ambrosia
 k - 3 potions of brilliance {unknown}
 q - a potion of heal wounds
 t - a potion of invisibility {unknown}
Books
 c - a book of Minor Magic

   Spells                             Type                      Level
   a - Magic Dart                     Conjuration                  1
   b - Blink                          Translocation                2
   c - Call Imp                       Summoning                    2
   d - Slow                           Hexes                        2
   e - Conjure Flame                  Conjuration/Fire             3
   f - Mephitic Cloud                 Conjuration/Poison/Air       3
Comestibles
 d - 5 rations
 A - 3 chunks of flesh


   Skills:
 + Level 3.4 Fighting
 + Level 3.4 Short Blades
 + Level 3.4 Long Blades
 + Level 3.4 Axes
 + Level 3.4 Maces & Flails
 + Level 3.4 Polearms
 + Level 3.4 Staves
 + Level 3.4 Slings
 + Level 3.4 Bows
 + Level 3.4 Crossbows
 + Level 3.4 Throwing
 + Level 3.4 Armour
 + Level 5.8 Dodging
 + Level 5.4 Stealth
 + Level 3.4 Shields
 + Level 3.4 Unarmed Combat
 + Level 8.0 Spellcasting
 + Level 3.5(4.9) Conjurations
 + Level 2.8(4.1) Hexes
 + Level 2.8(4.1) Charms
 + Level 3.5(4.9) Summonings
 + Level 2.8(4.1) Necromancy
 + Level 3.5(4.9) Translocations
 + Level 2.8(4.1) Transmutations
 + Level 2.8(4.1) Fire Magic
 + Level 2.8(4.1) Ice Magic
 + Level 2.8(4.1) Air Magic
 + Level 2.8(4.1) Earth Magic
 + Level 2.8(4.1) Poison Magic
 + Level 3.7 Invocations
 + Level 3.4(4.7) Evocations


You had 12 spell levels left.
You knew the following spells:

 Your Spells              Type           Power        Failure   Level  Hunger
a - Magic Dart            Conj           ####         1%          1    None
b - Blink                 Tloc           N/A          1%          2    None
c - Call Imp              Summ           ####....     1%          2    None
d - Conjure Flame         Conj/Fire      ####....     3%          3    None
e - Mephitic Cloud        Conj/Pois/Air  ####....     3%          3    None


Dungeon Overview and Level Annotations

Branches:
Dungeon (7/15)             Temple (0/1) D:4

Altars:
Ashenzari
Cheibriados
Fedhas
Hepliaklqana
Makhleb
Okawaru
Qazlal
Ru
Trog
Wu Jian
Xom

Shops:
D:4 !   D:5 (


Innate Abilities, Weirdness & Mutations

Your experience applies equally to all skills.
You have very sharp teeth.
Your uncanny sense of smell can sniff out nearby items.


Message History

Your crimson imp blinks!
Your crimson imp barely misses the hog.
The hog misses your crimson imp. The hog bites you!
* * * LOW HITPOINT WARNING * * *
Your crimson imp hits the hog.
Casting: Call Imp
Confirm with . or Enter, or press ? or * to list all spells.
A beastly little devil appears in a puff of flame.
The hog closely misses your crimson imp.
Something hits your crimson imp. The hog closely misses you.
The hog bites your crimson imp.
Your crimson imp barely misses the hog.
Something hits your crimson imp. The hog bites your crimson imp.
Your crimson imp dies!
Your crimson imp hits the hog but does no damage.
The hog closely misses something.
Your crimson imp closely misses the human.
The hog bites your crimson imp!
The human hits your crimson imp with a hand axe!
The human misses your crimson imp. The hog bites you!
You die...

#..#%%p..'...##
*#..#######h...######
* ,
#.........5.§.......
,
#.......##p#########
*#.......##5.#
..##....###5# ,
*##..## #.## , *
*##.# #.h# , #.##
##@####### * * * #..#
#........
#.##..####........
#....§.##..######.
#.......#..# *
##.........# , *
*#.........## * ,
.....###...#* *,*
.#.... ###..* *


You could see 2 hogs, a human and 3 friendly crimson imps.

Vanquished Creatures
  2 phantoms
  A centaur (D:6)
  An ogre (D:6)
  3 scorpions
  A howler monkey (D:5)
  3 crimson imps
  2 hounds (D:6)
  3 orc wizards (D:4)
  2 worker ants
  A hound zombie (D:5)
  A hound skeleton (D:6)
  5 gnolls
  10 adders
  A shadow imp (D:6)
  3 oozes
  An adder zombie (D:6)
  2 adder skeletons (D:4)
  3 worms
  2 dart slugs
  4 leopard geckos
  13 orcs
  2 ball pythons (D:2)
  2 bats
  7 giant cockroaches
  6 goblins
  2 hobgoblins (D:2)
  19 jackals
  9 kobolds
  3 quokkas
  4 frilled lizards
  A giant cockroach zombie (D:5)
  A jackal skeleton (D:4)
  A quokka skeleton (D:6)
  7 rats
128 creatures vanquished.

Vanquished Creatures (collateral kills)
  A hog (D:7)
  2 eyes of draining (D:3)
  The ghost of Merlin the Skirmisher, a weakling DsCK of Xom (D:3)
  A worker ant (D:6)
  2 gnolls (D:3)
  An adder (D:3)
  A worm (D:2)
  5 orcs
  2 jackals (D:2)
  A quokka (D:5)
17 creatures vanquished.

Grand Total: 145 creatures vanquished

Notes
Turn   | Place    | Note
-------+----------+-------------------------------------------
     0 | D:1      | sking99 the Gnoll Wizard began the quest for the Orb.
     0 | D:1      | Reached XP level 1. HP: 13/13 MP: 8/8
   272 | D:1      | Reached XP level 2. HP: 19/19 MP: 7/10
   415 | D:1      | Found a shattered altar of Ashenzari.
   624 | D:1      | Became a worshipper of Ashenzari the Shackled
   858 | D:1      | Learned a level 2 spell: Blink
   861 | D:1      | Learned a level 2 spell: Call Imp
  1252 | D:2      | Reached XP level 3. HP: 25/25 MP: 9/11
  1257 | D:2      | Learned a level 3 spell: Conjure Flame
  1261 | D:2      | Learned a level 3 spell: Mephitic Cloud
  1313 | D:2      | Found a hazy altar of Hepliaklqana.
  1409 | D:2      | Reached skill level 1 in Invocations
  1658 | D:2      | Reached skill level 1 in Fighting
  1658 | D:2      | Reached skill level 1 in Short Blades
  1658 | D:2      | Reached skill level 1 in Long Blades
  1658 | D:2      | Reached skill level 1 in Axes
  1658 | D:2      | Reached skill level 1 in Maces & Flails
  1658 | D:2      | Reached skill level 1 in Polearms
  1658 | D:2      | Reached skill level 1 in Staves
  1658 | D:2      | Reached skill level 1 in Slings
  1658 | D:2      | Reached skill level 1 in Bows
  1658 | D:2      | Reached skill level 1 in Crossbows
  1658 | D:2      | Reached skill level 1 in Throwing
  1658 | D:2      | Reached skill level 1 in Armour
  1658 | D:2      | Reached skill level 1 in Shields
  1658 | D:2      | Reached skill level 1 in Unarmed Combat
  1658 | D:2      | Reached skill level 1 in Evocations
  1685 | D:2      | Reached XP level 4. HP: 32/32 MP: 10/13
  2477 | D:3      | Noticed Merlin's ghost (weakling DsCK)
  2487 | D:2      | Reached skill level 1 in Hexes
  2487 | D:2      | Reached skill level 1 in Charms
  2487 | D:2      | Reached skill level 1 in Necromancy
  2487 | D:2      | Reached skill level 1 in Transmutations
  2487 | D:2      | Reached skill level 1 in Fire Magic
  2487 | D:2      | Reached skill level 1 in Ice Magic
  2487 | D:2      | Reached skill level 1 in Air Magic
  2487 | D:2      | Reached skill level 1 in Earth Magic
  2487 | D:2      | Reached skill level 1 in Poison Magic
  2880 | D:3      | Killed Merlin's ghost
  2880 | D:3      | Reached XP level 5. HP: 37/37 MP: 4/14
  3228 | D:3      | Found a bloodstained altar of Trog.
  3228 | D:3      | Noticed an eye of draining
  3228 | D:3      | Noticed an eye of draining
  3252 | D:3      | Killed an eye of draining
  3298 | D:3      | Killed an eye of draining
  3298 | D:3      | Reached XP level 6. HP: 42/44 MP: 0/16
  3704 | D:4      | Reached skill level 5 in Dodging
  4022 | D:4      | Found Onitix's Distillery.
  4035 | D:4      | Bought a potion of curing for 33 gold pieces
  4035 | D:4      | Bought a potion of heal wounds for 55 gold pieces
  4182 | D:4      | Found a staircase to the Ecumenical Temple.
  4396 | D:4      | Reached XP level 7. HP: 50/50 MP: 5/18
  4512 | D:4      | Found a snail-covered altar of Cheibriados.
  4525 | D:4      | Reached * piety under Ashenzari
  5007 | D:5      | Entered Level 5 of the Dungeon
  5309 | D:5      | Found Iwuczi's Weapon Boutique.
  5820 | D:5      | Found a stormy altar of Qazlal.
  6154 | D:5      | Reached skill level 5 in Stealth
  6183 | D:5      | Found a burning altar of Makhleb.
  6189 | D:5      | Found a shimmering altar of Xom.
  6595 | D:6      | Found an iron altar of Okawaru.
  6717 | D:6      | Reached XP level 8. HP: 51/57 MP: 8/19
  7366 | D:6      | Reached ** piety under Ashenzari
  7369 | D:6      | Found a sacrificial altar of Ru.
  7567 | D:6      | Found an ornate altar of the Wu Jian Council.
  7991 | D:6      | Found a blossoming altar of Fedhas.
  8371 | D:7      | Reached skill level 8 in Spellcasting
  8394 | D:7      | HP: 1/58 [hog (5)]
  8404 | D:7      | Slain by a hog

Skill      XL: |  1  2  3  4  5  6  7  8 |
---------------+-------------------------+-----
Conjurations   | 2 3 |  3.5
Summonings     | 2 3 |  3.5
Translocations | 2 3 |  3.5
Invocations    | 1 2 3 |  3.7
Fighting       | 1 2 3 |  3.4
Short Blades   | 1 2 3 |  3.4
Long Blades    | 1 2 3 |  3.4
Axes           | 1 2 3 |  3.4
Maces & Flails | 1 2 3 |  3.4
Polearms       | 1 2 3 |  3.4
Staves         | 1 2 3 |  3.4
Slings         | 1 2 3 |  3.4
Bows           | 1 2 3 |  3.4
Crossbows      | 1 2 3 |  3.4
Throwing       | 1 2 3 |  3.4
Armour         | 1 2 3 |  3.4
Shields        | 1 2 3 |  3.4
Unarmed Combat | 1 2 3 |  3.4
Evocations     | 1 2 3 |  3.4
Hexes          | 1 2 |  2.8
Charms         | 1 2 |  2.8
Necromancy     | 1 2 |  2.8
Transmutations | 1 2 |  2.8
Fire Magic     | 1 2 |  2.8
Ice Magic      | 1 2 |  2.8
Air Magic      | 1 2 |  2.8
Earth Magic    | 1 2 |  2.8
Poison Magic   | 1 2 |  2.8
Dodging        | 5 |  5.8
Stealth        | 5 |  5.4
Spellcasting   | 8 |  8.0

Action                   |  1- 3 |  4- 6 |  7- 9 || total
-------------------------+-------+-------+-------++-------
Melee: Unarmed           |     1 |     4 |       ||     5
       Trident           |     1 |    12 |    37 ||    50
       Bite              |       |       |     2 ||     2
 Cast: Magic Dart        |    75 |   142 |   244 ||   461
       Blink             |     1 |     8 |     5 ||    14
       Call Imp          |       |    27 |    19 ||    46
       Conjure Flame     |       |       |     6 ||     6
       Mephitic Cloud    |       |       |     1 ||     1
Invok: Curse Item        |     1 |     1 |       ||     2
  Use: Scroll            |       |     3 |       ||     3
       Potion            |       |     1 |     2 ||     3
 Stab: Distracted        |       |       |     1 ||     1
  Eat: Chunk             |     2 |     8 |    12 ||    22
Armor: Robe              |     1 |     6 |     8 ||    15
Dodge: Dodged            |    11 |    70 |    59 ||   140
